Unix NetHack Version 5.0.0-0 post-release - last build May 10 2026 23:12:36 (d1fa5d53e341ca933230fdaa984d921c805b60aa,branch:main).

Game began 2026-05-13 16:50:25, ended 2026-05-13 17:08:05.

ArrBianca, lawful female dwarven Archeologist

         --..-...-
         .........#######################################                -----
      *  ........|#                                     ##########)#####)..<.|
     ##*#-...%...|#                                     #                |...|
    *####........|#                                     #                |...|
     *# #|.......|#                                     #                |...|
        #-..------#                                     #                 ...|
        # #########                      | -      ---   #                -----
        ##                               |... -+---..   #
         #                               |............  #
         #                               -.{..........  #
         #                                    ......... #
         ###                                       -....##
 ----------#                                       |... #                 #
 |..^......#                                       |..  ####################
 |........|                                        |..                     i
 |........|                                        -.                     +@
 ----------                                        .
                                                  --

ArrBianca the Field Worker  St:10 Dx:11 Co:14 In:16 Wi:14 Ch:12  Lawful
Dlvl:7  $:60 HP:0(32) Pw:8(10) AC:8  Xp:4 T:2387 

Latest messages:
 This rothe corpse tastes terrible!
 You hear an animal carcass being offered in sacrifice.
 You finish eating the rothe corpse.
 You hear a door open.
 You hear crashing rock.
 You see here a cursed curved sword.
 You hear a door open.
 You hear someone beseeching Huhetotl.
 You find a hidden passage.
 You hear some noises in the distance.
 You hear an animal carcass being offered in sacrifice.
 You hear a door open.
 You hear an animal carcass being offered in sacrifice.
 You find a hidden door.
 You miss the imp.
 The imp hits!
 You miss the imp.
 The imp hits!
 You lash the imp.
 The imp hits!
 The imp casts aspersions on your ancestry.
 You miss the imp.
 The imp hits!
 The imp casts aspersions on your ancestry.
 You miss the imp.
 The imp hits!
 You miss the imp.
 The imp hits!
 "Run away!  Live to flee another day!"
 You lash the imp.
 The imp hits!
 You miss the imp.
 The imp hits!
 You lash the imp.
 The imp hits!
 You miss the imp.
 The imp hits!
 "Thinkest thou it shall tickle as I rip out thy lungs?"
 You lash the imp.
 The imp hits!
 You miss the imp.
 The imp hits!
 You lash the imp.
 The imp hits!
 You lash the imp.
 The imp hits!
 You fail to cast the spell correctly.
 The imp hits!
 You die...
 Do you want an account of creatures vanquished? [ynaq] (y) q

Inventory:
 Coins    ('$')
  $ - 60 gold pieces
 Weapons  (')')
  J - a +0 orcish dagger (at the ready)
  a - a blessed +2 bullwhip (weapon in right hand)
 Armor    ('[')
  c - an uncursed +0 fedora (being worn)
  o - an uncursed +0 shield of drain resistance (being worn)
  b - an uncursed +0 leather jacket (being worn)
 Comestibles  ('%')
  B - an uncursed cram ration
  d - 4 uncursed food rations
  z - an uncursed homemade tin of giant rat meat
  i - 3 uncursed homemade tins of jackal meat
 Scrolls  ('?')
  n - an uncursed scroll of earth
  m - an uncursed scroll of identify
  K - an uncursed scroll of light
  E - an uncursed scroll of remove curse
 Spellbooks  ('+')
  p - an uncursed spellbook of force bolt
 Potions  ('!')
  s - a blessed potion of speed
 Tools    ('(')
  h - an empty uncursed sack
  e - a +0 pick-axe (alternate weapon; not wielded)
  w - an uncursed tin opener
  f - a tinning kit (0:67)
 Gems/Stones  ('*')
  H - 2 uncursed jade stones
  g - an uncursed touchstone

ArrBianca the Archeologist's attributes:

Background:
 You were a Field Worker, a level 4 female dwarven Archeologist.
 You were lawful, nominally on a mission for Quetzalcoatl
 who was opposed by Camaxtli (neutral) and Huhetotl (chaotic).
 You were right-handed.
 You were in the Gnomish Mines, on level 7.
 You entered the dungeon 2387 turns ago.
 You had 158 experience points, 2 more were needed to attain level 5.

Basics:
 You had 0 out of 32 hit points.
 You had 8 out of 10 energy points (spell power).
 Your armor class was 8.
 Your wallet contained 60 zorkmids.
 Autopickup was on for '$?!/="+%' plus thrown, with exceptions.

Final Characteristics:
 Your strength was 10 (peak:11, limit:18/100).
 Your dexterity was 11 (limit:20).
 Your constitution was 14 (limit:20).
 Your intelligence was 16 (limit:16).
 Your wisdom was 14 (limit:16).
 Your charisma was 12 (limit:16).

Final Status:
 You weren't hungry.
 You were unencumbered.
 You were wielding a whip.
 You had basic skill with whip.

Final Attributes:
 You were piously aligned.
 You were level-drain resistant.
 You were telepathic.
 You had automatic searching.
 You had infravision.
 You were lucky.
 You are dead.

Miscellaneous:
 You didn't encounter any bones levels.
 Total elapsed playing time was 17 minutes and 40 seconds.

Major events:
 Turn
    1: ArrBianca the lawful female dwarven Archeologist entered the dungeon
  875: entered the Gnomish Mines
  988: attained the rank of Field Worker (level 3)
 2387: killed by an imp

Spells:
 Name                 Level Category     Fail Retention
 force bolt             1   attack        14%  76%-100%

Skills:
 Fighting Skills
   bare handed combat [Unskilled]
   two weapon combat  [Unskilled]
   riding             [Unskilled]
 Weapon Skills
   dagger             [Unskilled]
   knife              [Unskilled]
   pick-axe           [Basic]
   short sword        [Unskilled]
   saber              [Unskilled]
   club               [Unskilled]
   quarterstaff       [Unskilled]
   sling              [Unskilled]
   dart               [Unskilled]
   boomerang          [Unskilled]
   whip               [Basic]
   unicorn horn       [Unskilled]
 Spellcasting Skills
   attack spells      [Unskilled]
   healing spells     [Unskilled]
   divination spells  [Unskilled]
   matter spells      [Unskilled]

Voluntary challenges:
 Character rerolling was not enabled.
 You were an atheist.
 You never had a pet.
 You never genocided any monsters.
 You never polymorphed an object.
 You never changed form.
 You used no wishes.
Achievements:
 You entered a shop.
 You entered the Gnomish Mines.
 You attained the rank of Field Worker.

 The Dungeons of Doom: levels 1 to 4
    Level 1:
    Level 2:
    Level 3:
       An armor shop, a fountain, a sink.
       Stairs down to The Gnomish Mines.
    Level 4:
       A fountain.
 The Gnomish Mines: levels 4 to 7
    Level 4: "icebox"
    Level 5:
    Level 6:
    Level 7: <- You were here.
       A fountain.
       Final resting place for
          you, killed by an imp.


Vanquished creatures:
  a kobold leader
  7 hill orcs
  a rothe
  2 orc zombies
  a werejackal
  3 giant rats
  2 gnomes
  a gnome zombie
  2 geckos
  8 jackals
  a kobold
  a goblin
  a grid bug
  4 lichens
  5 newts
40 creatures vanquished.

No species were genocided or became extinct.

Game over:
                       ----------
                      /          \
                     /    REST    \
                    /      IN      \
                   /     PEACE      \
                  /                  \
                  |    ArrBianca     |
                  |      60 Au       |
                  | killed by an imp |
                  |                  |
                  |                  |
                  |                  |
                  |       2026       |
                 *|     *  *  *      | *
        _________)/\\_//(\/(/\)/\//\/|_)_______

Goodbye ArrBianca the Archeologist...

You died in The Gnomish Mines on dungeon level 7 with 996 points,
and 60 pieces of gold, after 2387 moves.
You were level 4 with a maximum of 32 hit points when you died.

